AoeStats
← CNZS_98T

Nomad

504487282Analyzed
4v4 RM · 28d ago on Sep 5, 2026· 34m 21s· 8 players
Game mode
Random Map
Map size
231×231
Population
200
Speed
Normal
Resources
Standard
Victory
Conquest
Starting age
Dark Age
Ending age
Imperial Age
RankedLock teamsTeams togetherTeam positionsShared explorationLock speedFull tech treeHidden civsTurbo modeCheats
Victory
Defeat
🇨🇳 Malians · China
2151
+3
🇨🇳 Slavs · China
1997
+6
🇨🇳 Romans · China
1927
+7
🇳🇱 Khitans · Netherlands
1913
+7
🇩🇪 Celts · Germany
1782
-7
🇩🇪 Saracens · Germany
1749
-6
🇩🇪 Dravidians · Germany
1718
-5
🇩🇪 Franks · Germany
1685
-5
CNZS_迷你车仁
13:17 Feudal Age
17:07 Castle Age
16:26 Fishing Lines
17:19 Double-Bit Axe
17:33 Loom
18:19 Bow Saw
18:07 Town Watch
18:30 Gillnets
21:54 Horse Collar
23:46 Wheelbarrow
25:41 Medium Warships
26:59 Fletching
31:30 Hand Cart
34:19 Medium Warships
CNZS_Bad Koala
3:44 Loom
9:55 Loom
14:58 Feudal Age
15:40 Town Watch
18:44 Castle Age
18:03 Double-Bit Axe
19:06 Gold Mining
19:53 Bow Saw
21:12 Horse Collar
24:47 Stone Mining
26:44 Fletching
35:03 Wheelbarrow
CNZS_98T
13:58 Feudal Age
17:39 Castle Age
15:43 Double-Bit Axe
16:14 Fishing Lines
16:49 Forging
16:31 Loom
18:35 Medium Warships
20:10 Iron Casting
19:45 Bow Saw
23:37 Clinker Construction
24:22 Careening
23:46 Demolition Ship
27:05 Domestication
30:23 Gillnets
31:04 Pastoralism
31:40 Wheelbarrow
32:42 Hand Cart
32:14 Town Watch
36:47 Imperial Age
34:48 Ballistics
34:24 Treadmill Crane
_LY_lyx
13:53 Feudal Age
14:46 Double-Bit Axe
15:16 Fishing Lines
17:36 Castle Age
16:13 Forging
16:20 Horse Collar
17:43 Light Cavalry
18:41 Bow Saw
18:31 Heavy Plow
18:22 Gillnets
20:10 Wheelbarrow
19:20 Loom
21:05 Medium Warships
21:32 Hand Cart
24:14 Gold Mining
25:32 Stone Mining
28:26 Scale Barding Armor
28:33 Bloodlines
28:23 Husbandry
29:06 Gold Shaft Mining
31:16 Imperial Age
29:34 Iron Casting
30:01 Chain Barding Armor
30:42 Town Watch
31:24 Hussar
32:39 Plate Barding Armor
33:05 Blast Furnace
32:48 Crop Rotation
33:19 Two-Man Saw
33:01 Conscription
32:05 Man-at-Arms
32:46 Squires
33:38 Druzhina
33:22 Long Swordsman
33:59 Two-Handed Swordsman
34:40 Scale Mail Armor
34:18 Capped Ram
LM | Scogx
4:26 Loom
13:39 Feudal Age
14:24 Town Watch
17:20 Castle Age
15:55 Double-Bit Axe
18:23 Forging
20:17 Fishing Lines
23:36 Scale Mail Armor
25:00 Iron Casting
25:53 Medium Warships
LM | Samu
6:04 Loom
12:51 Feudal Age
16:22 Castle Age
15:11 Forging
17:35 Medium Warships
18:50 Fletching
20:22 Bodkin Arrow
29:11 Horse Collar
30:27 Double-Bit Axe
34:53 Wheelbarrow
LM \ Molle
8:38 Loom
13:43 Feudal Age
15:28 Double-Bit Axe
17:52 Castle Age
15:47 Fishing Lines
16:28 Gold Mining
17:46 Fletching
18:29 Bodkin Arrow
17:57 Crossbowman
20:41 Bow Saw
23:29 Wheelbarrow
22:39 Town Watch
25:12 Ballistics
30:58 Imperial Age
29:27 Hand Cart
30:46 Thumb Ring
30:43 Padded Archer Armor
31:50 Bracer
33:09 Arbalester
34:53 Chemistry
LM | MaggieWuerze
5:07 Loom
6:00 Loom
12:58 Feudal Age
13:25 Town Watch
14:52 Double-Bit Axe
15:33 Fishing Lines
21:46 Castle Age
21:14 Gold Mining
23:15 Bow Saw
28:44 Horse Collar
35:10 Wheelbarrow
Connection lost

Rejoining the realm…

Still unreachable

The connection could not be restored.

Session expired

The server has moved on; the page needs a fresh start.